Map: Temple gelé

Players

zidar

  • Race: Zerg Zerg
  • League: Platinum
  • Spawn Location: 11:00

Ananke - Winner!

  • Race: Terran Terran
  • League: Platinum
  • Spawn Location: 5:00

VOD

Have the link to the VOD?

Description

Time

  • Played on: Nov. 7, 2016, 1:52 p.m.
  • Length: 17:12
Show
View Real Time Build Order
Export as new Build Order

zidar Zerg 

Build Orders: Hatch First 

Get SALT Encoding   

  12  0:02  Drone  
  13  0:12  Overlord  
  13  0:17  Drone  
  14  0:31  Drone x2  
  16  0:53  Hatchery  
  16  0:55  Drone  
  16  0:58  Extractor  
  16  1:01  Drone  
  16  1:19  Spawning Pool  
  15  1:30  Drone x2  
  17  1:43  Drone x2  
  19  2:06  Queen x2  
  23  2:09  Metabolic Boost  
  23  2:14  Zergling x2  
  24  2:17  Zergling x2  
  24  2:20  Zergling x2  
  25  2:55  Overlord  
  25  2:56  Drone x2  
  25  2:57  Drone  
  28  3:06  Baneling Nest  
  27  3:34  Drone  
  27  3:35  Drone x8  
  36  3:50  Roach Warren  
  35  4:02  Pneumatized Carapace  
  35  4:13  Extractor  
  34  4:25  Overlord x4  
  34  4:26  Overlord  
  34  4:35  Extractor  
  34  4:38  Roach  
  35  4:43  Roach x8  
  51  4:58  Roach  
  51  4:59  Roach x4  
  61  5:20  Spore Crawler  
  60  5:24  Spore Crawler  
  59  5:30  Spore Crawler  
  59  5:33  Spore Crawler  
  57  5:41  Roach  
  57  5:42  Roach x5  
  69  5:44  Ravager  
  69  5:47  Ravager x2  
  72  5:54  Ravager  
  73  6:05  Ravager  
  74  6:29  Overlord x2  
  74  6:30  Overlord x3  
  55  7:17  Roach x5  
  55  7:18  Roach x3  
  54  7:45  Roach x4  
  58  7:55  Lair  
  50  8:19  Drone x6  
  56  8:21  Drone  
  56  8:26  Drone  
  58  8:53  Overseer  
  58  8:56  Drone x9  
  67  9:21  Ravager x4  
  71  9:30  Hydralisk Den  
  57  9:53  Ravager  
  57  9:58  Hydralisk x5  
  57  9:59  Hydralisk x8  
  68  10:08  Roach x2  
  68  10:09  Roach x2  
  76  10:38  Overseer  
  76  10:48  Roach x8  
  92  10:51  Overlord x2  
  92  10:52  Overlord x2  
  92  11:11  Hatchery  
  59  11:42  Roach x12  
  83  11:58  Overseer  
  83  12:03  Hydralisk x4  
  91  12:19  Ravager  
  91  12:20  Ravager  
  91  12:22  Ravager  
  94  12:29  Hydralisk x5  
  96  12:30  Hydralisk  
  106  12:59  Ravager  
  106  13:02  Roach x7  
  65  13:54  Roach x7  
  65  13:55  Roach x5  
  89  13:57  Queen  
  89  14:08  Ravager  
  90  14:21  Hydralisk x5  
  51  15:33  Hydralisk x7  
  51  15:35  Roach x2  
  61  15:46  Extractor  
  60  15:54  Extractor x2  
  58  15:58  Roach x6  
  70  16:16  Drone x6  
  76  16:28  Overseer  
Show
View Real Time Build Order
Export as new Build Order

Ananke Terran - Winner!

Build Orders: Reaper Expand 

Get SALT Encoding   

  12  0:01  SCV  
  13  0:13  SCV  
  14  0:18  Supply Depot  
  14  0:25  SCV  
  15  0:39  SCV  
  16  0:43  Barracks  
  16  0:47  Refinery  
  16  0:51  SCV  
  17  0:58  Supply Depot  
  17  1:04  SCV  
  18  1:16  SCV  
  19  1:32  Orbital Command  
  19  1:33  Reaper  
  20  1:57  Command Center  
  20  2:05  Reaper  
  21  2:08  SCV  
  21  2:15  Refinery  
  22  2:20  SCV  
  23  2:33  SCV  
  24  2:38  Factory  
  23  2:48  Barracks Reactor  
  23  2:49  SCV  
  23  3:01  SCV  
  24  3:13  SCV  
  25  3:34  Starport  
  25  3:38  Barracks Tech Lab  
  25  3:39  Hellion  
  25  3:40  Hellion  
  29  3:44  SCV  
  29  3:47  Supply Depot  
  34  4:14  Widow Mine  
  34  4:15  Widow Mine  
  34  4:17  Orbital Command  
  34  4:28  SCV  
  35  4:34  Banshee  
  35  4:36  Hellion x2  
  42  4:40  SCV  
  42  4:44  SCV  
  42  4:45  Cloaking Field  
  44  4:50  Supply Depot  
  45  4:52  SCV  
  45  4:56  SCV  
  45  4:57  Barracks  
  45  4:59  Barracks Tech Lab  
  46  5:05  SCV  
  47  5:20  Viking  
  49  5:22  SCV x2  
  51  5:28  Marine  
  51  5:32  Liberator  
  51  5:34  SCV x2  
  54  5:37  Supply Depot  
  54  5:38  Barracks  
  54  5:40  Barracks  
  54  5:46  SCV x2  
  54  5:47  Marauder  
  54  5:49  Barracks Reactor  
  58  5:51  Concussive Shells  
  61  6:08  Marauder  
  63  6:16  SCV x2  
  69  6:28  SCV  
  69  6:32  Widow Mine x2  
  70  6:35  Stimpack  
  70  6:59  Marauder, SCV  
  62  7:21  Marine  
  62  7:29  Widow Mine  
  55  7:30  Marine  
  55  7:31  Marine x3, Widow Mine  
  54  7:39  Marine  
  44  7:45  SCV x2  
  37  7:57  Marauder, SCV  
  38  8:00  SCV  
  39  8:09  SCV  
  40  8:15  Marine x4  
  40  8:19  Marauder  
  46  8:20  SCV  
  46  8:21  SCV  
  48  8:31  Starport  
  48  8:32  SCV  
  48  8:33  SCV  
  50  8:40  Marauder  
  52  8:50  Marine x2  
  52  8:51  Marine x2  
  52  8:52  SCV x2  
  58  8:56  Supply Depot  
  58  8:59  Supply Depot  
  58  9:00  Engineering Bay  
  58  9:01  Marauder  
  60  9:03  Combat Shield  
  60  9:04  SCV x2  
  62  9:13  Refinery  
  62  9:14  Refinery  
  62  9:17  Marine x4, SCV  
  62  9:18  SCV  
  62  9:21  Supply Depot  
  62  9:23  Marauder  
  74  9:24  Starport Reactor  
  74  9:25  Widow Mine  
  74  9:28  Widow Mine, Terran Infantry Weapons Level 1  
  74  9:30  SCV  
  74  9:31  SCV, Engineering Bay  
  76  9:35  Marine x2  
  78  9:42  Marine x2, SCV  
  67  10:06  Marine, SCV x2  
  67  10:07  Marine  
  70  10:09  Medivac  
  73  10:17  Marine x3  
  73  10:18  SCV  
  77  10:24  Marine  
  78  10:30  Command Center  
  78  10:31  Refinery  
  78  10:34  Missile Turret  
  78  10:37  Marine x2  
  80  10:49  Medivac  
  82  10:57  SCV x2  
  84  11:03  Medivac  
  86  11:10  SCV  
  86  11:11  Supply Depot  
  87  11:17  Marine x5  
  78  11:35  Marine  
  75  11:53  Marine x2  
  81  11:55  Widow Mine x2  
  81  11:57  Marine x3  
  81  11:58  Medivac  
  81  11:59  Medivac  
  88  12:10  SCV x3  
  88  12:11  Marine x2  
  88  12:15  Marine x3  
  96  12:22  SCV x2  
  100  12:23  Widow Mine  
  100  12:29  Marine x2  
  102  12:32  Marine  
  102  12:33  Marine  
  102  12:37  Marine  
  102  12:39  SCV x3  
  106  12:46  Marine  
  106  12:47  Marine  
  106  12:50  Marine x2  
  107  13:01  Medivac x2  
  107  13:02  Marine  
  107  13:04  Marine x2  
  107  13:05  SCV x2  
  116  13:08  Marine  
  116  13:12  Barracks  
  117  13:15  Barracks  
  117  13:17  Marine  
  117  13:18  SCV  
  117  13:25  Marine x2  
  117  13:26  SCV  
  90  13:39  Marine x3  
  76  13:42  Marine  
  76  13:43  Marauder  
  71  13:53  SCV x2  
  75  13:57  Marine x3  
  75  13:59  Widow Mine x2  
  75  14:00  Marine, Viking x2  
  83  14:04  Marauder  
  83  14:09  Barracks Tech Lab  
  85  14:15  Marine x3  
  85  14:16  Refinery, SCV x2  
  85  14:17  SCV  
  89  14:18  Marine  
  89  14:19  Barracks Tech Lab  
  94  14:25  Terran Infantry Armor Level 1  
  94  14:26  Marauder  
  94  14:28  Widow Mine x2  
  94  14:30  Medivac x2  
  100  14:32  Marine  
  100  14:35  Armory  
  101  14:39  Marauder x2  
  105  14:47  Marauder  
  107  14:56  Widow Mine  
  100  15:08  Marauder  
  97  15:18  Marine x2  
  97  15:19  Marine  
  97  15:28  Orbital Command  
  84  15:37  Marine x5  
  84  15:38  Marauder x2  
  93  15:55  Orbital Command  
  93  15:58  Marine  
  93  15:59  Marine  
  95  16:07  Marine x3  
  95  16:08  Marauder x2  
  106  16:13  Widow Mine x2  
  106  16:16  Marine x2  
  108  16:25  Marine  
  109  16:39  Marine  
Tags
 
Add a new tag
Caveats
  • Supply blocks, unpowered buildings, or Contaminate may cause inaccurate times.
  • Supply counts are checked every 10 seconds.